 Dungeon Crawl Stone Soup version 0.32-a0-675-gdc239d62e1 (webtiles) character file.

Game seed: 9334422364136403626

371 growler the Ruffian (level 6, -2/47 HPs)
             Began as a Draconian Shapeshifter on Mar 11, 2024.
             Slain by a scorpion (6 damage)
             ... on level 3 of the Dungeon.
             The game lasted 00:05:24 (2199 turns).

growler the Ruffian (Draconian Shapeshifter)        Turns: 2199, Time: 00:05:24

Health: -2/47      AC:  6    Str: 16    XL:     6   Next: 42%
Magic:  6/6        EV: 12    Int: 10    God:
Gold:   127        SH:  0    Dex: 13    Spells: 5/5 levels left

rFire   . .          .
                       - Unarmed
rCold   . . .        (no shield)
rNeg    . . .        (body armour unavailable)
rPois   .            (helmet currently unavailable)
rElec   .            (cloak currently unavailable)
rCorr   .            (gloves currently unavailable)
SInv    .            (boots currently unavailable)
Will    .....        (no amulet)
Stlth   +            (no ring)
HPRegen 0.27/turn    (no ring)
MPRegen 0.10/turn

%: no passive effects
@: lethally poisoned (-2 -> -20), beast-form
A: beast (slay +3), AC +6, unfitting armour, cold-blooded
a: Begin Untransformation


You were on level 3 of the Dungeon.
You were a hulking beast.
You visited 1 branch of the dungeon, and saw 4 of its levels.

You collected 127 gold pieces.

Inventory:

Armour
 f - a +0 pair of gloves
Jewellery
 o - a ring of magical power
 q - a ring of see invisible
Talismans
 b - a beast talisman (active)
 c - a flux talisman
Scrolls
 e - 2 scrolls of poison
 g - a scroll of teleportation
 j - a scroll of vulnerability {unknown}
 k - 3 scrolls of identify
 l - a scroll of enchant weapon {unknown}
 n - a scroll of revelation {unknown}
Potions
 a - a potion of lignification
 d - a potion of magic
 h - a potion of berserk rage
 i - 2 potions of brilliance
 m - a potion of heal wounds {unknown}
 p - a potion of cancellation


   Skills:
 - Level 1.1 Fighting
 - Level 1.7 Dodging
 + Level 5.5 Unarmed Combat
 + Level 5.2 Shapeshifting


You had 5 spell levels left.
You didn't know any spells.
Your spell library contained the following spells:

 Spells                   Type           Power      Damage    Failure   Level
 Summon Small Mammal      Summ           0%         N/A       36%         1
 Call Canine Familiar     Summ           0%         N/A       75%         3
 Summon Blazeheart Golem  Fire/Summ      0%         N/A       98%         4


Dungeon Overview and Level Annotations

Branches:
Dungeon (4/15)
 Temple: D:4-7

Altars:
Trog


Innate Abilities, Weirdness & Mutations

You are a hulking beast.
Your limbs bulge with bestial killing power. (Slay +3)
Your plain brown scales are hard. (AC +6)
You cannot fit into any form of body armour.
You are cold-blooded and may be slowed by cold attacks.


Message History

The jackal closely misses you.
The scorpion stings you but does no damage.
You punch the scorpion! Your punch misses the scorpion.
The scorpion is heavily wounded.
You feel sick.
The jackal bites you but does no damage.
The jackal barely misses you. The scorpion stings you.
You barely miss the scorpion.
The scorpion is heavily wounded.
You feel sick. The jackal closely misses you. x2
The scorpion barely misses you.
The jackal bites you but does no damage. x2
You closely miss the scorpion.
The scorpion is heavily wounded.
You feel sick.
The scorpion stings you but does no damage.
The jackal bites you but does no damage.
The jackal closely misses you.
You hit the scorpion.
The scorpion is severely wounded.
You feel sick. The scorpion stings you.
You are more poisoned.
The scorpion poisons you! The jackal completely misses you.
The jackal closely misses you.
You completely miss the scorpion. You tail-slap the scorpion.
The scorpion is severely wounded.
You feel very sick. The jackal bites you.
* * * LOW HITPOINT WARNING * * *
The jackal bites you but does no damage.
The scorpion stings you.
* * * LOW HITPOINT WARNING * * *
You are more poisoned.
The scorpion poisons you!
It was a potion of cancellation.
You feel magically purged.
* * * LOW HITPOINT WARNING * * *
You feel very sick.
The jackal bites you but does no damage.
The jackal barely misses you. The scorpion stings you.
You die...

############ #............#
##.........#### #.............
##..>.........######.............
##.........##...............[....
...#..##..##.....................
.###.###.###[########............
.###.....#...# ###..............#
.##...####.### #sh.#..#.........>
....#.# #..# #h###.##........<.
......###.## #h#...##..........
..........# #...####..........
...#.###### #..## #..........
.....# ######..######........#
....## #......##...##.......##
....## ##.#............#######
.....## #...............#
....[.####.#.<...........#


You could see a scorpion and 2 jackals.

Vanquished Creatures
  Sigmund (D:2)
  A hound (D:3)
  Natasha (thrice) (D:2)
  3 adders
  A ribbon worm (D:2)
  3 dart slugs
  11 ball pythons
  6 bats
  6 giant cockroaches
  12 goblins
  3 hobgoblins
  A jackal (D:3)
  8 kobolds
  3 quokkas
  2 frilled lizards
  7 rats
71 creatures vanquished.

Notes
Turn   | Place    | Note
-------+----------+-------------------------------------------
     0 | D:1      | growler the Draconian Shapeshifter began the quest for the
                  | Orb.
     0 | D:1      | Reached XP level 1. HP: 16/16 MP: 1/1
   153 | D:1      | Reached XP level 2. HP: 17/23 MP: 2/2
   683 | D:1      | Reached XP level 3. HP: 28/28 MP: 3/3
   985 | D:2      | Noticed Sigmund
   996 | D:2      | Killed Sigmund
   997 | D:2      | Reached XP level 4. HP: 32/35 MP: 4/4
   997 | D:2      | Reached XP level 5. HP: 37/40 MP: 5/5
  1074 | D:2      | Reached skill level 5 in Unarmed Combat
  1284 | D:2      | Noticed Natasha
  1290 | D:2      | Killed Natasha
  1406 | D:2      | Noticed Natasha
  1411 | D:2      | Killed Natasha
  1412 | D:2      | Reached XP level 6. HP: 41/47 MP: 6/6
  1463 | D:2      | Noticed Natasha
  1471 | D:2      | Killed Natasha
  1472 | D:2      | Reached skill level 5 in Shapeshifting
  2007 | D:3      | Found a bloodstained altar of Trog.
  2199 | D:3      | Slain by a scorpion

Illustrated notes

Levels and vault maps discovered:
D:1:      dpeg_arrival_snail, layout_basic, minmay_misc_feat_plants
D:2:      layout_rooms, palyth_stone_intersect, minmay_goblin_outpost,
          uniq_natasha, uniq_sigmund
D:3:      layout_rooms, bloody_trog, minmay_distorted
D:4:      layout_basic, chequers_serial_rivers_small_3, grunt_decor_cap,
          uniq_pikel, uniq_robin

Skill      XL: |  1  2  3  4  5  6 |
---------------+-------------------+-----
Unarmed Combat | 4 5 |  5.5
Shapeshifting  | 4 5 |  5.2
Fighting       | |  1.1
Dodging        | |  1.7

Action                     |  1- 3 |  4- 6 || total
---------------------------+-------+-------++-------
  Melee: Unarmed           |    96 |    79 ||   175
         Tailslap          |     8 |    11 ||    19
         Punch             |       |     2 ||     2
    Use: Potion            |     1 |     1 ||     2
         Scroll            |       |     5 ||     5
   Stab: Sleeping          |     1 |     1 ||     2
 Armour: Skin              |    61 |    61 ||   122
  Dodge: Dodged            |    43 |    60 ||   103

Table legend: (Time is in decaauts)
 A = Elapsed time spent in this place.
 B = Non-inter-level travel time spent in this place.
 C = Inter-level travel time spent in this place.
 D = Time resting spent in this place.
 E = Time spent auto-exploring this place.
 F = Levels seen in this place.
 G = Mean time per level.
                   A        B        C        D        E       F      G
               +--------+--------+--------+--------+--------+-----+--------+
         Total |   2193 |   2076 |    117 |    100 |   1564 |   4 |  548.2 |
       Dungeon |   2193 |   2076 |    117 |    100 |   1564 |   4 |  548.2 |
               +--------+--------+--------+--------+--------+-----+--------+

Top non-repeatable levels by time:
     D:1: 825 daAuts
     D:2: 706 daAuts
     D:3: 656 daAuts
     D:4: 5 daAuts
